 Dungeon Crawl Stone Soup version 0.27.1-1-g398f81649c (webtiles) character file.

Game seed: 15168643800518275531

14 nxtlvl the Ruffian (level 2, 0/23 HPs)
             Began as a Minotaur Transmuter on Sept 17, 2021.
             Slain by a jackal (1 damage)
             ... on level 1 of the Dungeon.
             The game lasted 00:01:25 (201 turns).

nxtlvl the Ruffian (Minotaur Transmuter)             Turns: 201, Time: 00:01:25

Health: 0/23       AC:  5    Str: 14    XL:     2   Next: 31%
Magic:  3/3        EV: 10    Int: 10    God:
Gold:   5          SH:  0    Dex: 10    Spells: 2/3 levels left

rFire    . . .     SeeInvis .     - Unarmed
rCold    . . .     Faith    .   (no shield)
rNeg     . . .     Spirit   .   c - +0 ring mail
rPois    .         Reflect  .   (helmet restricted)
rElec    .         Harm     .   (no cloak)
rCorr    .         Rampage  .   (no gloves)
Will     .....                  (no boots)
Stlth    ..........             (no amulet)
HPRegen  0.07/turn              (no ring)
MPRegen  0.08/turn              (no ring)

@: no status effects
A: horns 2, retaliatory headbutt
a: no special abilities


You were on level 1 of the Dungeon.
You visited 1 branch of the dungeon, and saw 1 of its levels.

You collected 5 gold pieces.

Inventory:

Armour
 c - a +0 ring mail (worn)
Potions
 b - a potion of flight {unknown}


   Skills:
 - Level 1.2 Fighting
 - Level 2.1 Dodging
 * Level 4.2 Unarmed Combat
 - Level 1.3 Spellcasting
 - Level 1.5 Transmutations


You had 2 spell levels left.
You knew the following spells:

 Your Spells              Type           Power      Damage    Failure   Level
a - Beastly Appendage     Tmut           6%         N/A       36%         1

Your spell library contained the following spells:

 Spells                   Type           Power      Damage    Failure   Level
 Wereblood                Tmut           3%         N/A       50%         2
 Spider Form              Tmut/Pois      1%         N/A       83%         3
 Ice Form                 Ice/Tmut       2%         N/A       99%         4
 Dispersal                Tloc           0%         N/A       100%        6
 Disjunction              Tloc           0%         N/A       100%        8


Dungeon Overview and Level Annotations

Branches:
Dungeon (1/15)

Altars:


Innate Abilities, Weirdness & Mutations

You have a pair of horns on your head.
You reflexively headbutt those who attack you in melee.


Message History

You are too injured to fight recklessly!
You are too injured to fight recklessly!
You hit the jackal.
The jackal is lightly wounded.
The jackal closely misses you.
You barely miss the ball python. The jackal misses you.
The ball python bites you.
* * * LOW HITPOINT WARNING * * *
The ball python misses you. The jackal closely misses you.
You barely miss the ball python. Your headbutt misses the ball python.
The ball python misses you. The ball python grabs you.
The ball python constricts you.
The jackal bites you but does no damage.
You barely miss the ball python. The jackal bites you.
* * * LOW HITPOINT WARNING * * *
The ball python bites you but does no damage.
The ball python constricts you.
* * * LOW HITPOINT WARNING * * *
Your ring mail prevents you from hitting the ball python.
The jackal bites you but does no damage.
The ball python barely misses you. The ball python constricts you.
The jackal bites you but does no damage.
You closely miss the ball python. You headbutt the ball python.
You kill the ball python!
The jackal misses you.
You hit the jackal.
The jackal is severely wounded.
The jackal bites you but does no damage.
You completely miss the jackal.
The jackal is severely wounded.
The jackal bites you.
* * * LOW HITPOINT WARNING * * *
You hit the jackal but do no damage.
The jackal is severely wounded.
The jackal completely misses you. You furiously retaliate!
You headbutt the jackal.
You kill the jackal!
The jackal bites you but does no damage.
You hit the jackal but do no damage. The jackal bites you.
You die...

≈≈≈≈≈≈≈≈≈≈≈≈≈≈≈≈≈≈....#
...................##.#
...................##.#
.##..#.##########....#
##..........# ######
###........# #g.......+
##.#####h.......#
.......@##.......
.....#### .#####. #..
.# # .#


You could see a jackal and a hobgoblin.

Vanquished Creatures
  An endoplasm (D:1)
  A giant cockroach (D:1)
  2 goblins (D:1)
  2 hobgoblins (D:1)
  A jackal (D:1)
  A kobold (D:1)
  3 ball pythons (D:1)
  2 bats (D:1)
13 creatures vanquished.

Notes
Turn   | Place    | Note
-------+----------+-------------------------------------------
     0 | D:1      | nxtlvl the Minotaur Transmuter began the quest for the Orb.
     0 | D:1      | Reached XP level 1. HP: 16/16 MP: 1/1
    53 | D:1      | Reached XP level 2. HP: 5/23 MP: 3/3
    84 | D:1      | Reached skill level 4 in Unarmed Combat
   199 | D:1      | HP: 1/23 [jackal (2)]
   201 | D:1      | Slain by a jackal

Illustrated notes

Levels and vault maps discovered:
D:1:      dpeg_arrival_castle, layout_basic

Skill      XL: |  1  2 |
---------------+-------+-----
Unarmed Combat | 4 |  4.2
Fighting       | |  1.2
Dodging        | |  2.1
Spellcasting   | |  1.3
Transmutations | |  1.5

Action                   || total
-------------------------++-------
Melee: Unarmed           ||    45
       Headbutt          ||     4
       Punch             ||     1
Armor: Robe              ||     8
       Ring mail         ||     6
Dodge: Dodged            ||    31
